 Dungeon Crawl Stone Soup version 0.30-a0-553-g7fabdf1491 (webtiles) character file.

Game seed: 10431019401810743925

111 Jase the Sneak (level 5, 0/30 HPs)
             Began as a Kobold Brigand on Dec 26, 2022.
             Slain by a gnoll
             ... wielding a +0 spear
              (7 damage)
             ... on level 3 of the Dungeon on Dec 27, 2022.
             The game lasted 00:07:47 (2894 turns).

Jase the Sneak (Kobold Brigand)                     Turns: 2894, Time: 00:07:48

Health: 0/30       AC:  4    Str:  8    XL:     5   Next: 15%
Magic:  5/5        EV: 15    Int: 13    God:
Gold:   109        SH:  0    Dex: 18    Spells: 4/4 levels left

rFire   . . .      SeeInvis .    a - +2 dagger
rCold   . . .      Faith    .    (no shield)
rNeg    . . .      Spirit   .    c - +0 leather armour
rPois   .          Reflect  .    (no helmet)
rElec   .          Harm     .    g - +0 cloak
rCorr   .          Rampage  .    (no gloves)
Will    .....                    (no boots)
Stlth   ++++                     (no amulet)
HPRegen 0.25/turn                (no ring)
MPRegen 0.09/turn                (no ring)

@: no status effects
A: small, no large weapons, nightstalker 3
a: no special abilities


You were on level 3 of the Dungeon.
You visited 1 branch of the dungeon, and saw 3 of its levels.

You collected 109 gold pieces.

Inventory:

Hand Weapons
 a - a +2 dagger (weapon)
Missiles
 d - 9 poisoned darts (quivered)
 e - 3 curare-tipped darts
 f - 34 stones
Armour
 c - a +0 leather armour (worn)
 g - a +0 cloak (worn)
 n - a +0 tower shield
Scrolls
 b - a scroll of teleportation
 o - 2 scrolls of amnesia {unknown}
 p - a scroll of enchant armour {unknown}
 r - a scroll of blinking {unknown}
Potions
 h - a potion of flight
 i - a potion of attraction
 j - a potion of mutation {unknown}
 k - a potion of brilliance {unknown}
 l - 2 potions of curing {unknown}
 m - a potion of haste {unknown}
 q - a potion of heal wounds {unknown}


   Skills:
 - Level 2.1 Fighting
 + Level 4.2 Short Blades
 - Level 2.1 Throwing
 + Level 3.2 Dodging
 + Level 6.5 Stealth


You had 4 spell levels left.
You didn't know any spells.
Your spell library contained the following spells:

 Spells                   Type           Power      Damage    Failure   Level
 Ensorcelled Hibernation  Hex/Ice        0%         N/A       56%         2
 Passwall                 Tmut/Erth      0%         N/A       56%         2
 Kindle Blastsparks       Fire/Tloc/Air  0%         2d10      80%         3
 Swiftness                Air            0%         N/A       80%         3
 Fulminant Prism          Conj/Hex       0%         3d5       99%         4
 Iskenderun's Mystic Bla  Conj/Tloc      0%         2d3       99%         4
 Lee's Rapid Deconstruct  Erth           0%         3d4*      100%        5


Dungeon Overview and Level Annotations

Branches:
Dungeon (3/15)

Altars:
Gozag


Innate Abilities, Weirdness & Mutations

You are small and have problems with some larger weapons.
You are completely attuned to the shadows.


Message History

You start resting.
HP restored.
o - 2 scrolls labelled WACALI CACSODA (gained 1)
You now have 109 gold pieces (gained 20).
Things that are here:
a +0 flail; a gnoll corpse A frilled lizard comes into view.
Found a scroll labelled OPYVU WIUTTAZALL.
The frilled lizard hisses angrily.
You barely miss the frilled lizard. The frilled lizard barely misses you.
You barely miss the frilled lizard. The frilled lizard barely misses you.
You miss the frilled lizard. Your punch misses the frilled lizard.
You hit the frilled lizard.
You kill the frilled lizard!
No target in view!
r - a scroll labelled OPYVU WIUTTAZALL An endoplasm comes into view.
The endoplasm quivers.
You hit the endoplasm.
You kill the endoplasm!
No target in view!
f - 34 stones (gained 5)
The gnoll shouts!
You barely miss the gnoll. The gnoll hits you with a +0 spear!
You barely miss the gnoll. The gnoll hits you with a +0 spear.
You hit the gnoll but do no damage. You closely miss the gnoll.
The gnoll hits you with a +0 spear!
You hit the gnoll.
The gnoll is lightly wounded.
The gnoll completely misses you.
You hit the gnoll.
The gnoll is moderately wounded.
The gnoll hits you with a +0 spear!
* * * LOW HITPOINT WARNING * * *
You closely miss the gnoll.
The gnoll is moderately wounded.
You hit the gnoll.
The gnoll is heavily wounded.
The gnoll hits you with a +0 spear!
You die...

#...##........##.# #.#
#...##.....>..##.# #.#.#
#...##........##.#.# #.#.###
#...##........'..#^#.. #.#.#<#
#...##........####.#.# #.#.#.#.#
#...##........# #.#.# .......g#
#...####'#########.#.#........#g#
.................g........###...#
########........@#.#.#...##)##..#
########..#.#.# #...#..# #
#######..#.#.. #...# #####
#.....#..#.#.## #.g.#..# ....#
##.#.#.#..#.# ##.##.## #####
#...##....# #. ..# .. #...####.##
. .# ..# ##...# #.# ..# #...##
#.#


You could see a gnoll.

Vanquished Creatures
  2 adders
  A gnoll (D:3)
  2 worms (D:2)
  4 dart slugs
  8 endoplasms
  3 giant cockroaches (D:1)
  4 goblins
  9 hobgoblins
  8 jackals (D:3)
  4 kobolds
  3 quokkas
  4 ball pythons
  3 bats
  3 frilled lizards
  6 rats
64 creatures vanquished.

Notes
Turn   | Place    | Note
-------+----------+-------------------------------------------
     0 | D:1      | Jase the Kobold Brigand began the quest for the Orb.
     0 | D:1      | Reached XP level 1. HP: 12/12 MP: 1/1
   220 | D:1      | Reached XP level 2. HP: 17/17 MP: 2/2
   535 | D:1      | Reached XP level 3. HP: 21/21 MP: 3/3
  1285 | D:2      | Reached skill level 6 in Stealth
  1293 | D:2      | Reached XP level 4. HP: 26/26 MP: 4/4
  1944 | D:2      | Found an opulent altar of Gozag.
  2606 | D:3      | Reached XP level 5. HP: 22/30 MP: 5/5
  2894 | D:3      | Slain by a gnoll

Illustrated notes

Levels and vault maps discovered:
D:1:      dpeg_arrival_stone_temple_mockup, layout_loops_corners,
          minmay_three_crescents
D:2:      layout_rooms, basic_altar, serial_co_window_serial,
          co_window_corner_a, co_window_paths_b, co_window_paths_b,
          co_window_paths_b, co_window_paths_b, co_window_corner_a,
          co_window_corner_a, co_window_cross_1, co_window_corner_a,
          co_window_broadway_a, co_window_corner_ca, co_window_broadway_a,
          co_window_broadway_c, co_window_paths_d, glass_columns_a
D:3:      layout_basic, nicolae_overflow_hidden_temple,
          nicolae_elyvilon_temple_path, mainiacjoe_overflow_divided_tiny,
          serial_curves, eino_curves_03, eino_curves_02,
          minmay_misc_feat_rugged, minmay_ruptured, uniq_natasha,
          uniq_crazy_yiuf_cottage

Skill      XL: |  1  2  3  4 |
---------------+-------------+-----
Short Blades   | 3 4 |  4.2
Dodging        | 2 3 |  3.2
Stealth        | 6 |  6.5
Fighting       | |  2.1
Throwing       | |  2.1

Action                   |  1- 3 |  4- 6 || total
-------------------------+-------+-------++-------
Melee: Dagger            |    60 |   122 ||   182
       Punch             |       |     1 ||     1
  Use: Scroll            |       |     3 ||     3
 Stab: Sleeping          |    15 |     7 ||    22
Armor: Leather armour    |     5 |    16 ||    21
Dodge: Dodged            |    31 |    59 ||    90

Table legend: (Time is in decaauts)
 A = Elapsed time spent in this place.
 B = Non-inter-level travel time spent in this place.
 C = Inter-level travel time spent in this place.
 D = Time resting spent in this place.
 E = Time spent auto-exploring this place.
 F = Levels seen in this place.
 G = Mean time per level.
                   A        B        C        D        E       F      G
               +--------+--------+--------+--------+--------+-----+--------+
         Total |   2859 |   2736 |    123 |    183 |   1968 |   3 |  953.0 |
       Dungeon |   2859 |   2736 |    123 |    183 |   1968 |   3 |  953.0 |
               +--------+--------+--------+--------+--------+-----+--------+

Top non-repeatable levels by time:
     D:1: 1206 daAuts
     D:2: 1074 daAuts
     D:3: 578 daAuts
